[ AOE2 MATCH · #485691533 ]
1v1 RMVietnamese vs Mongols
Player's team · WIN
Rival team · LOSS
[ REPLAY ANALYSIS · EXTRACTED FROM THE RECORDED GAME ]
Feudal
8:53
Castle
—
Imperial
—
| APM avg | 36.4 |
| APM peak | 69 |
| eAPM avg | 18.2 |
| Villagers / military | 30 / 6 |
Focus
⚔️ 42.6% · 🌾 57.4%
Fishing Ship ×5 · Archer ×3 · Demolition Raft ×2 · Spearman ×1
Feudal
11:02
Castle
14:33
Imperial
—
| APM avg | 29.4 |
| APM peak | 52 |
| eAPM avg | 11.6 |
| Villagers / military | 30 / 0 |
Focus
⚔️ 13.4% · 🌾 86.6%
Fishing Ship ×5
Match map
Initial resources + every placement click. Lines = walls · curves = elevation contours. ◆ gold · ⬟ stone · ● berries · ✦ relic · ◌ wall gap
Your base· Open — unwalled flank
H_uma_N's base· Open — 11t gap
Smoothed initial terrain · ◌ = detected wall gap · hover for details
Inputs per minute
— Mr Jingles - - H_uma_N
Build order — Mr Jingles
64 actions detected in the replay
| 0:01 | Create | Villager (Male) |
| 0:01 | Create | Villager (Male) |
| 0:01 | Create | Villager (Male) |
| 0:02 | Create | Villager (Male) |
| 0:03 | Build | House |
| 0:04 | Build | House |
| 1:25 | Create | Villager (Male) |
| 1:48 | Build | Lumber Camp |
| 1:51 | Create | Villager (Male) |
| 2:21 | Create | Villager (Male) |
| 2:21 | Create | Villager (Male) |
| 2:44 | Create | Villager (Male) |
| 3:14 | Create | Villager (Male) |
| 3:31 | Build | House |
| 3:36 | Create | Villager (Male) |
| 4:09 | Build | Mill |
| 4:09 | Create | Villager (Male) |
| 4:38 | Create | Villager (Male) |
| 4:38 | Create | Villager (Male) |
| 5:11 | Create | Villager (Male) |
| 5:12 | Create | Villager (Male) |
| 5:12 | Create | Villager (Male) |
| 5:30 | Research | Loom |
| 6:43 | Research | Feudal Age |
| 6:56 | Build | Mining Camp |
| 7:26 | Build | House |
| 7:43 | Build | Dock |
| 8:01 | Create | Villager (Male) |
| 8:38 | Build | Barracks |
| 8:51 | Create | Villager (Male) |
| 8:53 | Age | Feudal Age |
| 8:54 | Research | Double-Bit Axe |
| 9:20 | Create | Villager (Male) |
| 9:55 | Build | Archery Range |
| 9:59 | Create | Villager (Male) |
| 10:00 | Create | Villager (Male) |
| 10:19 | Create | Villager (Male) |
| 10:36 | Create | Spearman |
| 10:38 | Create | Villager (Male) |
| 10:48 | Build | House |
| 11:00 | Build | House |
| 11:03 | Research | Town Watch |
| 11:11 | Create | Villager (Male) |
| 11:12 | Create | Villager (Male) |
| 11:28 | Create | Archer |
| 11:28 | Create | Archer |
| 11:28 | Create | Archer |
| 11:31 | Build | House |
| 11:34 | Create | Demolition Raft |
| 11:35 | Create | Demolition Raft |
| 11:38 | Create | Fishing Ship |
| 11:38 | Create | Fishing Ship |
| 11:38 | Create | Fishing Ship |
| 12:15 | Build | Blacksmith |
| 12:16 | Create | Villager (Male) |
| 12:16 | Create | Villager (Male) |
| 12:28 | Create | Villager (Male) |
| 13:06 | Build | House |
| 13:17 | Create | Villager (Male) |
| 13:34 | Create | Fishing Ship |
| 13:34 | Create | Fishing Ship |
| 13:41 | Build | Dock |
| 13:47 | Build | House |
| 14:57 | Build | Market |
Build order — H_uma_N
66 actions detected in the replay
| 0:00 | Create | Villager (Male) |
| 0:01 | Create | Villager (Male) |
| 0:01 | Create | Villager (Male) |
| 0:01 | Create | Villager (Male) |
| 0:03 | Build | House |
| 0:04 | Build | House |
| 1:26 | Create | Villager (Male) |
| 1:27 | Create | Villager (Male) |
| 1:58 | Create | Villager (Male) |
| 2:16 | Create | Villager (Male) |
| 2:17 | Create | Villager (Male) |
| 2:20 | Build | Lumber Camp |
| 3:02 | Create | Villager (Male) |
| 3:02 | Create | Villager (Male) |
| 3:03 | Create | Villager (Male) |
| 3:10 | Create | Villager (Male) |
| 3:10 | Create | Villager (Male) |
| 3:46 | Create | Villager (Male) |
| 3:46 | Create | Villager (Male) |
| 3:46 | Create | Villager (Male) |
| 3:47 | Create | Villager (Male) |
| 3:54 | Build | House |
| 3:55 | Build | House |
| 3:59 | Create | Villager (Male) |
| 4:00 | Create | Villager (Male) |
| 4:38 | Create | Villager (Male) |
| 4:39 | Create | Villager (Male) |
| 5:00 | Create | Villager (Male) |
| 5:14 | Build | Dock |
| 5:19 | Create | Villager (Male) |
| 5:42 | Create | Villager (Male) |
| 5:42 | Create | Villager (Male) |
| 6:09 | Create | Fishing Ship |
| 6:25 | Create | Villager (Male) |
| 6:35 | Create | Fishing Ship |
| 7:08 | Build | House |
| 7:20 | Build | Palisade Wall |
| 7:40 | Create | Fishing Ship |
| 7:44 | Build | House |
| 8:02 | Research | Feudal Age |
| 8:10 | Build | Mill |
| 8:19 | Build | Palisade Wall |
| 8:39 | Build | Palisade Wall |
| 9:15 | Build | House |
| 9:17 | Build | Palisade Wall |
| 9:31 | Build | Mining Camp |
| 9:56 | Build | House |
| 9:57 | Build | House |
| 10:07 | Research | Loom |
| 10:59 | Create | Villager (Male) |
| 11:02 | Age | Feudal Age |
| 11:05 | Build | Market |
| 11:07 | Build | Blacksmith |
| 11:12 | Build | Palisade Wall |
| 11:21 | Create | Fishing Ship |
| 11:53 | Research | Castle Age |
| 12:22 | Build | Lumber Camp |
| 12:35 | Create | Fishing Ship |
| 12:39 | Research | Tech 906 |
| 12:49 | Research | Double-Bit Axe |
| 13:42 | Create | Villager (Male) |
| 13:43 | Create | Villager (Male) |
| 14:03 | Build | Dock |
| 14:22 | Build | Mining Camp |
| 14:33 | Age | Castle Age |
| 14:40 | Build | House |
Match timeline
| 5:14 | H_uma_N · first_building Dock |
| 7:20 | H_uma_N · wall_segment Palisade Wall x5 |
| 7:43 | Mr Jingles · first_building Dock |
| 8:19 | H_uma_N · wall_segment Palisade Wall x7 |
| 8:38 | Mr Jingles · first_building Barracks |
| 8:39 | H_uma_N · wall_segment Palisade Wall x6 |
| 8:53 | Mr Jingles · age_up feudal |
| 9:17 | H_uma_N · wall_segment Palisade Wall x1 |
| 9:55 | Mr Jingles · first_building Archery Range |
| 11:02 | H_uma_N · age_up feudal |
| 11:12 | H_uma_N · wall_segment Palisade Wall x5 |
| 14:33 | H_uma_N · age_up castle |
| 15:17 | H_uma_N · resign |
[ AI ANALYSIS · 1 CREDIT ]
What really happened in this match?
Wolo.gg analyzes every decision: build order, eco, micro, common mistakes by bracket. Personalized analysis on WhatsApp or Discord in 30 seconds.
Civ guide
Vietnamese
Map guide
Four Lakes
Perfil
Mr Jingles